 Dungeon Crawl Stone Soup version 0.22.1 (webtiles) character file.

18704 Fang the Cleaver (level 12, -4/70 HPs)
             Began as a Gargoyle Berserker on Sept 18, 2018.
             Was a High Priest of Trog.
             Killed from afar by a thorn hunter (21 damage)
             ... with a volley of thorns
             ... on level 1 of the Swamp.
             The game lasted 00:20:35 (13707 turns).

Fang the Cleaver (Gargoyle Berserker)              Turns: 13707, Time: 00:20:36

Health: -4/70      AC: 20    Str: 26    XL:     12   Next: 61%
Magic:  12/12      EV: 18    Int:  8    God:    Trog [*****.]
Gold:   810        SH:  0    Dex:  9    Spells: 11/11 levels left

rFire    . . .     SeeInvis .   i - +8 hand axe (elec)
rCold    . . .     Gourm    .   (no shield)
rNeg     + . .     Faith    .   x - +2 steam dragon scales
rPois    ∞         Spirit   .   q - +2 hat {MR+}
rElec    +         Reflect  .   (no cloak)
rCorr    .         Harm     .   (no gloves)
MR       ++...                  (no boots)
Stlth    +++.......             (no amulet)
HPRegen  0.21/turn              v - ring of protection from magic
MPRegen  0.13/turn              t - +3 ring of evasion

@: flying
A: big wings, thin metallic scales 1, frail 1, negative energy resistance 1,
electricity resistance, wild magic 1, unbreathing, petrification resistance, rot
immunity, AC +8
a: Stop Flying, Berserk, Trog's Hand, Brothers in Arms, Renounce Religion


You were on level 1 of the Swamp.
You worshipped Trog.
Trog was extremely pleased with you.
You were hungry.

You visited 4 branches of the dungeon, and saw 14 of its levels.

You collected 810 gold pieces.

Inventory:

Hand Weapons
 a - a +0 hand axe
 i - a +8 hand axe of electrocution (weapon)
Missiles
 w - 8 tomahawks of returning (quivered)
Armour
 q - a +2 hat of magic resistance (worn)
 x - +2 steam dragon scales (worn)
Jewellery
 p - an uncursed ring of protection from fire
 s - an uncursed ring of magical power
 t - a +3 ring of evasion (right hand)
 v - a ring of protection from magic (left hand)
Wands
 n - a wand of paralysis (15)
 r - a wand of random effects (14)
 u - a wand of polymorph (8)
Scrolls
 e - 2 scrolls of magic mapping
 f - 3 scrolls of fear
 l - 12 scrolls of identify
 o - 7 scrolls of remove curse
Potions
 d - 2 potions of agility
 g - 2 potions of curing
 j - a potion of magic
 m - 3 potions of flight
Comestibles
 c - 13 rations


   Skills:
 + Level 10.5 Fighting
 + Level 12.9 Axes
 + Level 2.3 Armour
 + Level 8.2 Dodging
 + Level 8.1 Stealth
 + Level 1.1 Unarmed Combat


You had 11 spell levels left.
You didn't know any spells.
Your spell library was empty.

Dungeon Overview and Level Annotations

Branches:
Dungeon (10/15)            Temple (1/1) D:4            Lair (2/6) D:10
  Swamp (1/4) Lair:2
  Snake: Lair:2-4    Spider: Lair:2-4       Orc: D:9-12

Altars:
Ashenzari
Fedhas
Gozag
Hepliaklqana
Makhleb
Okawaru
Qazlal
Ru
Uskayaw
Vehumet
Xom
Yredelemnul
Zin
The Shining One


Innate Abilities, Weirdness & Mutations

You are resistant to torment.
Your stone body is resilient. (AC +8)
You are immune to poison.
You resist negative energy. (rN+)
You are resistant to electric shocks. (rElec)
You can survive without breathing.
You are immune to petrification.
You are immune to rotting.
Your large and strong wings let you fly indefinitely.
You are partially covered in thin metallic scales. (AC +2)
You are frail. (-10% HP)
Your spells are a little harder to cast, but a little more powerful.


Message History

Unknown command.
The swamp worm throws harpoon shot at you.
The harpoon shot hits you!
You are yanked forward by the harpoon shot.
The thorn hunter hits the briar patch.
The thorn hunter hits the briar patch!
The swamp worm closely misses you.
The thorn hunter fires a volley of thorns at you.
The volley of thorns hits you!
* * * LOW HITPOINT WARNING * * *
The swamp worm barely misses you.
Unknown command.
Okay, then.
You feel better.
The thorn hunter fires a volley of thorns at you.
The volley of thorns hits you!
* * * LOW HITPOINT WARNING * * *
The swamp worm bites you but does no damage.
The thorn hunter fires a volley of thorns at you.
The volley of thorns hits you!
You die... ...≈≈≈...≈≈≈≈ ..≈ ........>.≈≈ ...♣.≈♣♣≈≈....≈≈... ...PP♣PPPPPP...≈.. ≈..PPPPPPPPP≈≈.≈♣

≈≈≈PP≈≈≈≈≈≈≈.≈≈.♣
≈≈.PP≈≈≈≈≈≈...≈.♣..
≈..PP≈≈≈≈≈.<.......
....P≈≈≈≈@......≈..
♣♣(.≈≈w≈≈≈.≈≈..≈.
♣..≈≈≈PPPP≈≈≈.≈.
♣..≈≈≈PPPP.≈≈...
♣.....≈PPf.......
♣..$≈...PP...♣♣...
≈..≈..≈≈≈PP≈.♣♣ ...
≈≈≈≈≈≈≈≈≈.≈≈.♣ ..
≈§≈≈≈≈≈≈≈.!..≈


You could see a thorn hunter and a swamp worm.

Vanquished Creatures
  Gastronok (Lair:2)
  A catoblepas (Lair:1)
  A swamp dragon (Lair:2)
  Joseph (Lair:1)
  A black mamba (Lair:1)
  3 spiny frogs
  A gargoyle (D:8)
  A kobold demonologist (D:9)
  Prince Ribbit (D:6)
  8 blink frogs (Lair:2)
  7 hippogriffs
  Sigmund (D:5)
  15 yaks
  2 basilisks (Lair:1)
  A wyvern (D:8)
  A steam dragon (D:9)
  Menkaure (D:4)
  Edmund (D:4)
  5 water moccasins
  Duvessa (D:7)
  8 porcupines
  3 black bears
  An orc warrior (D:10)
  3 sky beasts
  A necrophage (D:10)
  4 ogres
  11 centaurs
  A crocodile (Lair:1)
  12 big kobolds
  Blork the orc (D:4)
  9 bullfrogs
  Dowan (D:7)
  A wyvern skeleton (D:8)
  A water moccasin skeleton (D:6)
  4 scorpions
  4 killer bees (D:9)
  4 wights (D:6)
  3 howler monkeys
  A crimson imp (D:10)
  8 orc priests
  3 centaur skeletons
  A bullfrog skeleton (D:6)
  8 hounds
  3 jellies
  11 orc wizards
  6 iguanas
  7 worker ants
  Natasha (thrice) (D:4)
  2 hound zombies
  A hound skeleton (D:9)
  A worker ant zombie (D:10)
  6 adders
  4 gnolls
  A shadow imp (D:6)
  An ooze (D:2)
  3 adder skeletons
  4 worms
  2 dart slugs
  4 leopard geckos
  52 orcs
  8 giant cockroaches
  3 goblins
  4 hobgoblins
  9 jackals
  22 kobolds
  A quokka (D:3)
  3 ball pythons
  7 bats
  7 frilled lizards
  2 quokka skeletons (D:6)
  7 rats
  4 fungi
  2 plants (D:10)
337 creatures vanquished.

Vanquished Creatures (collateral kills)
  A yak (D:9)
  A bullfrog (D:9)
  A scorpion (D:9)
3 creatures vanquished.

Vanquished Creatures (others)
  A jelly (D:5)
  4 fungi
5 creatures vanquished.

Grand Total: 345 creatures vanquished

Notes
Turn   | Place    | Note
-------+----------+-------------------------------------------
     0 | D:1      | Fang the Gargoyle Berserker began the quest for the Orb.
     0 | D:1      | Reached XP level 1. HP: 14/14 MP: 1/1
   109 | D:1      | Reached XP level 2. HP: 19/19 MP: 2/2
   127 | D:1      | Reached skill level 3 in Axes
   685 | D:2      | Reached XP level 3. HP: 24/24 MP: 3/3
   736 | D:2      | Reached ** piety under Trog
  1178 | D:2      | Reached XP level 4. HP: 19/29 MP: 4/4
  1556 | D:3      | Found a sacrificial altar of Ru.
  1561 | D:3      | Found a basalt altar of Yredelemnul.
  1561 | D:3      | Found a burning altar of Makhleb.
  1564 | D:3      | Found a hide-covered altar of Uskayaw.
  1800 | D:3      | Found a glowing silver altar of Zin.
  1952 | D:3      | Found a faded altar of an unknown god.
  2404 | D:4      | Noticed Natasha
  2404 | D:4      | Noticed a hippogriff
  2414 | D:4      | Killed a hippogriff
  2414 | D:4      | Reached skill level 4 in Axes
  2414 | D:4      | Reached skill level 1 in Stealth
  2414 | D:4      | Reached XP level 5. HP: 22/34 MP: 5/5
  2414 | D:4      | Reached XP level 6. HP: 25/39 MP: 6/6
  2417 | D:4      | Killed Natasha
  2773 | D:4      | Found a staircase to the Ecumenical Temple.
  2774 | D:4      | Noticed Menkaure
  2777 | D:4      | Noticed Natasha
  2783 | D:4      | Killed Natasha
  2786 | D:4      | Killed Menkaure
  2786 | D:4      | Reached skill level 5 in Axes
  2797 | D:4      | Reached XP level 7. HP: 8/44 MP: 7/7
  2806 | D:4      | Noticed Natasha
  2811 | Temple   | Entered the Ecumenical Temple
  3109 | D:4      | Killed Natasha
  3396 | D:4      | Reached skill level 5 in Fighting
  3397 | D:4      | Reached *** piety under Trog
  3842 | D:4      | Noticed Edmund
  3854 | D:4      | Killed Edmund
  3938 | D:4      | Noticed Blork the orc
  3958 | D:4      | Killed Blork the orc
  4136 | D:4      | Reached XP level 8. HP: 37/49 MP: 8/8
  4404 | D:5      | Entered Level 5 of the Dungeon
  4658 | D:5      | Reached skill level 6 in Axes
  4793 | D:5      | Reached skill level 1 in Unarmed Combat
  5270 | D:5      | Noticed Sigmund
  5287 | D:5      | Killed Sigmund
  5342 | D:5      | Reached skill level 7 in Axes
  5342 | D:5      | Reached skill level 5 in Dodging
  5743 | D:5      | Found a stormy altar of Qazlal.
  5757 | D:5      | Reached XP level 9. HP: 50/56 MP: 9/9
  5986 | D:5      | Reached **** piety under Trog
  6734 | D:6      | Found a glowing golden altar of the Shining One.
  6845 | D:6      | Reached skill level 8 in Axes
  7343 | D:7      | Noticed Prince Ribbit
  7359 | D:6      | Killed Prince Ribbit
  7415 | D:7      | Noticed Duvessa
  7418 | D:7      | Noticed Dowan
  7427 | D:7      | Killed Duvessa
  7428 | D:7      | Killed Dowan
  7925 | D:7      | Reached XP level 10. HP: 63/63 MP: 10/10
  8438 | D:8      | Reached skill level 9 in Axes
  8487 | D:8      | Reached skill level 5 in Stealth
  8529 | D:8      | Found a blossoming altar of Fedhas.
  8872 | D:8      | Noticed a gargoyle
  8885 | D:8      | Killed a gargoyle
  9196 | D:9      | Reached ***** piety under Trog
  9512 | D:9      | Reached skill level 10 in Axes
  9662 | D:9      | Noticed a kobold demonologist
  9665 | D:9      | Killed a kobold demonologist
  9678 | D:9      | Received a gift from Trog
  9693 | D:9      | Reached XP level 11. HP: 63/69 MP: 11/11
  9918 | D:9      | Found an opulent altar of Gozag.
 10668 | D:10     | Entered Level 10 of the Dungeon
 10746 | D:10     | Reached skill level 11 in Axes
 10759 | D:10     | Found a staircase to the Lair.
 10859 | D:10     | Found a hide-covered altar of Uskayaw.
 11033 | D:10     | Received a gift from Trog
 11103 | D:10     | Found a sparkling altar of Nemelex Xobeh.
 11105 | D:10     | Found an iron altar of Okawaru.
 11105 | D:10     | Found a bloodstained altar of Trog.
 11107 | D:10     | Found a burning altar of Makhleb.
 11107 | D:10     | Found a shimmering altar of Xom.
 11107 | D:10     | Found a radiant altar of Vehumet.
 11248 | Lair:1   | Entered Level 1 of the Lair of Beasts
 11298 | Lair:1   | Noticed Joseph
 11310 | Lair:1   | Killed Joseph
 11965 | Lair:2   | Reached skill level 12 in Axes
 12013 | Lair:2   | Noticed a catoblepas
 12021 | Lair:2   | Noticed Gastronok
 12032 | Lair:1   | Killed a catoblepas
 12032 | Lair:1   | Reached XP level 12. HP: 37/77 MP: 12/12
 12271 | Lair:2   | Killed Gastronok
 12271 | Lair:2   | Reached skill level 10 in Fighting
 12610 | Lair:2   | Gained mutation: You are partially covered in thin metallic
                  | scales. (AC +2) [potion of mutation]
 12610 | Lair:2   | Gained mutation: Your large and strong wings let you fly
                  | indefinitely. [potion of mutation]
 12610 | Lair:2   | Gained mutation: You are frail. (-10% HP) [potion of
                  | mutation]
 12610 | Lair:2   | Gained mutation: Your spells are a little harder to cast,
                  | but a little more powerful. [potion of mutation]
 13259 | Lair:2   | Found a staircase to the Swamp.
 13698 | Swamp:1  | Entered Level 1 of the Swamp
 13698 | Swamp:1  | Noticed a thorn hunter
 13707 | Swamp:1  | Killed from afar by a thorn hunter

Skill      XL: |  1  2  3  4  5  6  7  8  9 10 11 12 |
---------------+-------------------------------------+-----
Axes           | 3 4 5 7 8 10 12 | 12.9
Dodging        | 2 3 4 5 6 7 8 |  8.2
Fighting       | 4 5 6 7 8 9 10 | 10.5
Stealth        | 1 2 3 4 6 7 8 |  8.1
Unarmed Combat | 1 |  1.1
Armour         | |  2.3

Action                   |  1- 3 |  4- 6 |  7- 9 | 10-12 || total
-------------------------+-------+-------+-------+-------++-------
Melee: Hand axe          |   136 |    81 |   440 |   493 ||  1150
       Unarmed           |       |       |     8 |       ||     8
       Punch             |       |       |     3 |     1 ||     4
Invok: Berserk           |       |     2 |    12 |     8 ||    22
       Brothers in Arms  |       |       |       |     1 ||     1
 Abil: Fly               |       |       |       |     1 ||     1
  Use: Potion            |       |       |     6 |     3 ||     9
       Scroll            |       |       |    11 |    11 ||    22
 Stab: Sleeping          |     1 |       |     6 |    12 ||    19
       Distracted        |       |       |       |     2 ||     2
  Eat: Chunk             |     1 |     3 |    21 |    23 ||    48
       Ration            |       |     1 |     2 |     1 ||     4
Armor: Animal skin       |    51 |    38 |   134 |    35 ||   258
       Steam dragon scal |       |       |       |   104 ||   104
Dodge: Dodged            |   101 |    68 |   319 |   351 ||   839
